AoeStats
← jacksondbrown

Arabia

503305918Analyzed
1v1 RM · 1mo ago on Aug 31, 2026· 42m 32s· 2 players
Game mode
Random Map
Map size
Tiny (2 player)
Population
200
Speed
Normal
Resources
Standard
Victory
Conquest
Starting age
Dark Age
Ending age
Imperial Age
RankedLock teamsTeams togetherTeam positionsShared explorationLock speedFull tech treeHidden civsTurbo modeCheats
Victory
Defeat
🇨🇱 Wei · Chile
761
+16
🇨🇦 Goths · Canada
763
-16
Hugojugo
9:51 Feudal Age
10:35 Double-Bit Axe
10:41 Horse Collar
12:41 Gold Mining
14:23 Fletching
17:49 Wheelbarrow
22:50 Castle Age
21:14 Padded Archer Armor
22:17 Stone Mining
24:19 Bow Saw
24:11 Heavy Plow
23:47 Crossbowman
27:00 Hand Cart
27:23 Gold Shaft Mining
29:18 Town Watch
29:45 Bodkin Arrow
34:28 Scale Barding Armor
37:56 Imperial Age
36:40 Chain Barding Armor
41:29 Forging
jacksondbrown
1:21 Loom
10:15 Feudal Age
12:00 Double-Bit Axe
14:51 Man-at-Arms
19:52 Castle Age
20:55 Bow Saw
22:48 Stone Mining
22:30 Elite Skirmisher
23:09 Fletching
23:38 Forging
23:56 Horse Collar
24:20 Scale Mail Armor
31:42 Imperial Age
30:40 Chain Mail Armor
32:34 Iron Casting
33:47 Conscription
35:05 Blast Furnace
35:30 Anarchy
Connection lost

Rejoining the realm…

Still unreachable

The connection could not be restored.

Session expired

The server has moved on; the page needs a fresh start.